 Dungeon Crawl Stone Soup version 0.30-b1-2-g02819fbbbe (webtiles) character file.

Game seed: 12237386946208072790

16 sentinel the Shield-Bearer (level 2, 0/19 HPs)
             Began as a Gargoyle Fighter on May 21, 2023.
             Slain by a hobgoblin (4 damage)
             ... on level 1 of the Dungeon.
             The game lasted 00:00:16 (266 turns).

sentinel the Shield-Bearer (Gargoyle Fighter)        Turns: 266, Time: 00:00:17

Health: 0/19       AC:  9    Str: 19    XL:     2   Next: 54%
Magic:  2/2        EV:  9    Int:  8    God:
Gold:   11         SH:  4    Dex:  9    Spells: 1/1 levels left

rFire   . . .        a - +0 war axe
rCold   . . .        c - +0 buckler
rNeg    + . .        b - +0 scale mail
rPois   ∞            (no helmet)
rElec   +            (no cloak)
rCorr   .            (no gloves)
SInv    .            (no boots)
Will    .....        (no amulet) Stlth
                     (no ring)
HPRegen 0.23/turn    (no ring)
MPRegen 0.08/turn

%: no passive effects
@: no status effects
A: sickness immunity, AC +2, negative energy resistance 1, electricity
resistance, torment resistance 1, petrification resistance
a: no special abilities


You were on level 1 of the Dungeon.
You visited 1 branch of the dungeon, and saw 1 of its levels.

You collected 11 gold pieces.

Inventory:

Hand Weapons
 a - a +0 war axe (weapon)
Armour
 b - a +0 scale mail (worn)
 c - a +0 buckler (worn)
Scrolls
 e - a scroll of silence {unknown}
Potions
 d - a potion of might


   Skills:
 - Level 3.2 Fighting
 + Level 2.8 Axes
 - Level 3.2 Armour
 - Level 3.2 Shields


You had one spell level left.
You didn't know any spells.
Your spell library contained the following spells:

 Spells                   Type           Power      Damage    Failure   Level
 Summon Small Mammal      Summ           0%         N/A       85%         1
 Call Canine Familiar     Summ           0%         N/A       99%         3
 Summon Guardian Golem    Hex/Summ       0%         N/A       99%         3


Dungeon Overview and Level Annotations

Branches:
Dungeon (1/15) Zot: 5719

Altars:


Innate Abilities, Weirdness & Mutations

You are immune to sickness and miasma.
Your stone body is resilient. (AC +2)
You are immune to poison.
You resist negative energy. (rN+)
You are resistant to electric shocks. (rElec)
You are resistant to unholy torment.
You are immune to petrification.


Message History

You open the door.
There is an open door here.
An endoplasm comes into view.
The endoplasm quivers.
But you're not safe!
You slash the endoplasm!
You kill the endoplasm!
No target in view!
No target in view!
No target in view!
No target in view!
No target in view!
No target in view!
No target in view!
No target in view!
No target in view!
No target in view!
No target in view!
Found a helmet.
You see here a +0 helmet.
A hobgoblin comes into view.
The hobgoblin shouts!
But you're not safe! But you're not safe!
The hobgoblin hits you but does no damage.
You slash the hobgoblin!
You kill the hobgoblin!
No target in view!
No target in view!
No target in view!
No target in view!
No target in view!
No target in view!
No target in view!
No target in view!
No target in view!
No target in view!
No target in view!
You open the door.
There is an open door here.
Found a stone staircase leading down.
You open the door.
A rat comes into view.
The rat twitches its whiskers.
But you're not safe! But you're not safe! But you're not safe!
A frilled lizard comes into view.
The frilled lizard hisses angrily.
A hobgoblin comes into view.
You barely miss the rat.
The hobgoblin shouts!
The rat bites you but does no damage.
You slash the rat!
You kill the rat!
A hobgoblin comes into view.
Found a scroll labelled HAPNIZEICU.
The hobgoblin shouts!
You hear a shout!
The hobgoblin hits you but does no damage.
You closely miss the hobgoblin. The hobgoblin barely misses you.
You hit the hobgoblin.
You kill the hobgoblin!
The frilled lizard barely misses you.
You closely miss the frilled lizard. You block the frilled lizard's attack.
You miss the frilled lizard. The frilled lizard closely misses you.
You slash the frilled lizard!
You kill the frilled lizard!
You block the hobgoblin's attack. But you're not safe! But you're not safe!
But you're not safe!
You slash the hobgoblin!
You kill the hobgoblin!
No target in view!
No target in view!
No target in view!
No target in view!
Things that are here:
a hobgoblin corpse; a frilled lizard corpse; a hobgoblin corpse A kobold comes into view.
It is wielding a +0 whip.
Found a Trismegistus Codex.
The kobold shouts!
You hear a shout!
A hobgoblin comes into view.
But you're not safe! But you're not safe! But you're not safe!
A hobgoblin comes into view.
The hobgoblin drinks a potion.
The hobgoblin seems to speed up.
The kobold hits you with a +0 whip.
You closely miss the kobold. The kobold hits you with a +0 whip.
The kobold closely misses you.
The hobgoblin hits you but does no damage.
You barely miss the hobgoblin. You barely miss the kobold.
The hobgoblin barely misses you. The kobold misses you. The hobgoblin hits you.
You are too injured to fight recklessly!
You are too injured to fight recklessly!
You are too injured to fight recklessly!
You are too injured to fight recklessly!
You are too injured to fight recklessly!
You are too injured to fight recklessly!
You are too injured to fight recklessly!
You are too injured to fight recklessly!
You are too injured to fight recklessly!
You are too injured to fight recklessly!
You are too injured to fight recklessly!
You are too injured to fight recklessly!
You are too injured to fight recklessly!
You are too injured to fight recklessly!
You are too injured to fight recklessly!
You are too injured to fight recklessly!
You are too injured to fight recklessly!
You slash the kobold!
You kill the kobold!
You hit the hobgoblin but do no damage. You closely miss the hobgoblin.
You block the hobgoblin's attack. x2; The hobgoblin closely misses you.
The hobgoblin hits you but does no damage.
The hobgoblin barely misses you. The hobgoblin hits you.
You block the hobgoblin's attack.
Things that are here:
a +0 whip; 5 stones You barely miss the hobgoblin.
You hit the hobgoblin but do no damage. The hobgoblin hits you.
You block the hobgoblin's attack. The hobgoblin closely misses you.
You closely miss the hobgoblin. You hit the hobgoblin.
You block the hobgoblin's attack. The hobgoblin closely misses you.
The hobgoblin barely misses you. The hobgoblin closely misses you.
You closely miss the hobgoblin. You hit the hobgoblin.
The hobgoblin closely misses you. The hobgoblin completely misses you.
The hobgoblin hits you but does no damage.
You closely miss the hobgoblin. You hit the hobgoblin but do no damage.
The hobgoblin hits you.
* * * LOW HITPOINT WARNING * * *
The hobgoblin barely misses you.
The hobgoblin hits you but does no damage.
The hobgoblin barely misses you. The hobgoblin hits you.
* * * LOW HITPOINT WARNING * * *
You barely miss the hobgoblin. You closely miss the hobgoblin.
The hobgoblin barely misses you. x2
The hobgoblin hits you but does no damage.
You closely miss the hobgoblin. You hit the hobgoblin.
You kill the hobgoblin!
The hobgoblin closely misses you.
The hobgoblin hits you but does no damage.
You hit the hobgoblin.
The hobgoblin is severely wounded.
The hobgoblin barely misses you. The hobgoblin closely misses you.
You barely miss the hobgoblin.
The hobgoblin is severely wounded.
The hobgoblin hits you.
You die...

#.#.............# #
..#.#########.####.#
###.# #.#... #.#
#†#.# #.+ #...## #
### #....####.#
#.........#
.###...$.....#
.......g@.....#
...........?..#
#....##.......#
#.... #:......#
..... #.......# ♣.##
###'#..... P.
...###. ...#


You could see a hobgoblin (fast).

Vanquished Creatures
  2 ball pythons (D:1)
  3 endoplasms (D:1)
  4 hobgoblins (D:1)
  A quokka (D:1)
  A frilled lizard (D:1)
  A kobold (D:1)
  2 rats (D:1)
14 creatures vanquished.

Notes
Turn   | Place    | Note
-------+----------+-------------------------------------------
     0 | D:1      | sentinel the Gargoyle Fighter began the quest for the Orb.
     0 | D:1      | Reached XP level 1. HP: 14/14 MP: 1/1
   114 | D:1      | Reached XP level 2. HP: 19/19 MP: 2/2
   266 | D:1      | Slain by a hobgoblin

Illustrated notes

Levels and vault maps discovered:
D:1:      psy_arrival_basics, layout_basic, serial_forest,
          infiniplex_forest_clump_diagonal, infiniplex_forest_clump_diagonal,
          infiniplex_forest_end_1, infiniplex_forest_corner_2,
          infiniplex_forest_clump_curved

Skill      XL: |  1 |
---------------+----+-----
Axes           | 2 |  2.8
Fighting       | |  3.2
Armour         | |  3.2
Shields        | |  3.2

Action                     || total
---------------------------++-------
  Melee: War axe           ||    32
 Armour: Scale mail        ||    16
  Dodge: Dodged            ||    27
  Block: Buckler           ||     8
